Lightning vs Canadiens

Created - 30 octobre 2020 at 19:39

Goals
1 2 3 T
Lightning 2 2 2 6
Canadiens 1 0 1 2
Shots
1 2 3 T
Lightning 9 9 12 30
Canadiens 9 8 7 24

1st period

1. Canadiens , Jakob Silfverberg 1 (Teuvo Teravainen 1, Josh Morrissey 1) at 8:07
2. Lightning , Zack Kassian 1 (Zach Bogosian 1, Bo Horvat 1) at 14:56
3. Lightning , Jeff Carter 1 (Patrice Bergeron 1, Alexander Edler 1) at 16:51

Penalties :
Alexander Edler (TBL) for Hooking (Minor) at 0:12, Erik Gudbranson (TBL) for Hooking (Minor) at 4:49

2nd period

4. Lightning , Alex Killorn 1 (Erik Gudbranson 1, Bo Horvat 2) at 6:28
5. Lightning , Jeff Skinner 1 (Travis Zajac 1, Luca Sbisa 1) at 16:20

Penalties :
Alexander Edler (TBL) for Hooking (Minor) at 2:14, Erik Gudbranson (TBL) for Tripping (Minor) at 6:59, Ivan Provorov (MTL) for Hooking (Minor) at 13:57, Danny DeKeyser (MTL) for Hooking (Minor) at 19:41, Zack Kassian (TBL) for Slashing (Minor) at 19:41

3rd period

6. Lightning , Jeff Carter 2 (Erik Gudbranson 2, Logan Couture 1) at 2:49
7. Lightning , Jeff Carter 3 (Patrice Bergeron 2) at 3:10
8. Canadiens , Teuvo Teravainen 1 (Danny DeKeyser 1, Auston Matthews 1) at 11:03

Penalties :
Jakob Silfverberg (MTL) for Cross-checking (Minor) at 12:23, Pierre-Edouard Bellemare (TBL) for Hooking (Minor) at 14:33

Goalie Stats

Elvis Merzlikins (TBL), 22 saves from 24 shots - (0,917), W, 1-0-0, 60:00 minutes
Mackenzie Blackwood (MTL), 10 saves from 12 shots - (0,833), 23:40 minutes
Tuukka Rask (MTL), 14 saves from 18 shots - (0,778), L, 0-1-0, 36:20 minutes

Players Stats for Lightning

Player Name              G  A  P  +/- PIM S  H  SB GA TA FO     MP     PP MP  PK MP  
------------------------------------------------------------------------------------
Alex Killorn             1  0  1   2  0   3  0  0  0  0  0/0    17:09   1:54   0:39 
Alexander Edler          0  1  1   0  4   1  0  1  0  0  0/0    23:38   1:54   2:35 
Bo Horvat                0  2  2   2  0   2  0  0  0  0  14/21  23:35   1:54   5:33 
Erik Gudbranson          0  2  2   2  4   3  7  1  0  0  0/0    20:22   1:47   2:45 
Frederik Gauthier        0  0  0  -1  0   0  0  0  0  0  2/4     4:40   0:00   0:00 
Jason Demers             0  0  0   2  0   2  3  2  0  0  0/0    22:25   2:04   5:16 
Jeff Carter              3  0  3   3  0   3  4  0  0  0  2/2    19:24   2:04   3:00 
Jeff Skinner             1  0  1   0  0   4  0  0  0  0  0/2    12:37   0:00   0:52 
Joonas Donskoi           0  0  0  -1  0   1  0  0  0  0  0/0     4:37   0:00   0:43 
Kevin Shattenkirk        0  0  0   0  0   0  0  1  0  0  0/0    20:26   1:54   4:39 
Logan Couture            0  1  1   3  0   3  1  0  0  0  0/0    16:24   2:04   0:00 
Luca Sbisa               0  1  1   2  0   0  1  1  0  0  0/0    15:09   0:00   4:12 
Patrice Bergeron         0  2  2   2  0   3  2  0  0  0  11/25  21:26   1:47   1:06 
Pierre-Edouard Bellemare 0  0  0   0  2   3  2  0  0  0  10/13  16:37   0:00   4:53 
Travis Zajac             0  1  1   0  0   1  0  0  0  0  10/14  15:42   0:53   3:04 
Trevor Daley             0  0  0   0  0   0  0  0  0  0  0/0     6:35   0:00   0:23 
Zach Bogosian            0  1  1   2  0   0  1  1  0  0  0/0    11:21   0:17   0:00 
Zack Kassian             1  0  1   2  2   1  0  0  0  0  1/1    15:53   1:18   0:00 

Players Stats for Canadiens

Player Name              G  A  P  +/- PIM S  H  SB GA TA FO     MP     PP MP  PK MP  
------------------------------------------------------------------------------------
Artturi Lehkonen         0  0  0  -1  0   0  0  0  0  0  1/2    10:56   0:00   1:18 
Auston Matthews          0  1  1  -2  0   7  1  0  0  0  12/32  20:47   4:48   0:08 
Cam Fowler               0  0  0  -4  0   0  3  3  0  0  0/0    22:44   4:55   2:16 
Colin White              0  0  0  -1  0   0  1  0  0  0  1/6     9:38   0:00   0:00 
Danny DeKeyser           0  1  1   0  2   0  0  2  0  0  0/0    15:05   0:00   2:07 
David Krejci             0  0  0  -1  0   1  1  1  0  0  8/25   19:12   5:07   0:00 
Ilya Kovalchuk           0  0  0  -1  0   2  1  0  0  0  0/0    18:45   5:07   0:00 
Ivan Provorov            0  0  0   0  2   3  0  4  0  0  0/0    23:37   5:00   1:03 
Jakob Silfverberg        1  0  1  -2  2   2  0  0  0  0  0/0    19:45   4:48   0:39 
Josh Morrissey           0  1  1   1  0   0  0  3  0  0  0/0    22:50   5:00   0:39 
Karl Alzner              0  0  0   0  0   0  0  1  0  0  0/0    14:50   0:00   1:51 
Loui Eriksson            0  0  0   0  0   1  0  0  0  0  0/0     9:23   0:00   2:50 
Nate Schmidt             0  0  0  -5  0   3  2  0  0  0  0/0    20:52   4:55   0:00 
Nick Shore               0  0  0   0  0   0  0  0  0  0  9/15    9:13   0:00   2:40 
Patrick Kane             0  0  0  -1  0   1  0  0  0  0  0/1    19:12   5:07   0:00 
Teuvo Teravainen         1  1  2  -2  0   2  0  0  0  0  0/0    20:39   4:48   0:00 
Tyson Jost               0  0  0   0  0   0  1  0  0  0  0/0     6:54   0:00   0:21 
Valeri Nichushkin        0  0  0  -1  0   2  0  0  0  0  1/1     9:38   0:00   0:00 

3 Stars

1 - Jeff Carter (TBL)
2 - Patrice Bergeron (TBL)
3 - Erik Gudbranson (TBL)

Power Play

Lightning - 0 on 2 Attempt(s) - 0,00%
Canadiens - 0 on 5 Attempt(s) - 0,00%

Penalty Kill

Lightning - 5 on 5 Attempt(s) - 100,00% - Score 0 goal in Penalty Kill
Canadiens - 2 on 2 Attempt(s) - 100,00% - Score 0 goal in Penalty Kill

Team Stat

Lightning - Hits : 21 - Faceoff Wins : 50 - Blocked Shots : 7 - Penalty Minutes : 12
Canadiens - Hits : 10 - Faceoff Wins : 32 - Blocked Shots : 14 - Penalty Minutes : 6

Official

Referees : Mike Sheehan and Andrew Wilk
Linesman : Kyle Larson and Steve Miller

Game Notes

Mackenzie Blackwood enters game at 16:20 of 2nd period
Jeff Carter has scored a Hat Trick!

Finance

Level 1 -- Attendance: 5637 (86,72%) -- Ticket Income 676 440 $
Level 2 -- Attendance: 3579 (71,58%) -- Ticket Income 393 690 $
Level 3 -- Attendance: 1827 (52,20%) -- Ticket Income 182 700 $
Level 4 -- Attendance: 1219 (23,06%) -- Ticket Income 109 710 $
Luxury Box -- Attendance: 563 (56,30%) -- Ticket Income 191 420 $
Game was played at the Bell Centre.
Total Attendance: 12825 (60,25%)
Total Ticket Income: 1 553 960 $
Other Income: 761 440 $
Total Income: 2 315 400 $

% Time on Ice - Lightning

Lines # - Real PCT - Wanted PCT - Time Play
Normal Forward
1 - 31% - 40% - 13:53
2 - 33% - 30% - 14:36
3 - 27% - 20% - 11:45
4 - 9% - 10% - 3:54
Normal Defense
1 - 29% - 40% - 12:37
2 - 33% - 30% - 14:22
3 - 25% - 20% - 10:57
4 - 14% - 10% - 6:12
PP Forward
1 - 52% - 60% - 2:04
2 - 48% - 40% - 1:54
PP Defense
1 - 48% - 60% - 1:54
2 - 52% - 40% - 2:04
PK Forward
1 - 70% - 60% - 6:55
2 - 30% - 40% - 3:00
PK Defense
1 - 47% - 60% - 4:39
2 - 53% - 40% - 5:16
PK3 Forward
1 - 0% - 60%
2 - 0% - 40%
PK3 Defense
1 - 0% - 60%
2 - 0% - 40%
44 Forward
1 - 77% - 60% - 1:32
2 - 23% - 40% - 0:27
44 Defense
1 - 64% - 60% - 1:16
2 - 36% - 40% - 0:43
Last Minute Offensive  - 0:00
Last Minute Defensive  - 0:00
Total
Forward - 60:00
Defense - 60:00

% Time on Ice - Canadiens

Lines # - Real PCT - Wanted PCT - Time Play
Normal Forward
1 - 32% - 35% - 14:19
2 - 31% - 35% - 13:38
3 - 22% - 20% - 9:38
4 - 15% - 10% - 6:33
Normal Defense
1 - 38% - 38% - 16:37
2 - 33% - 37% - 14:32
3 - 18% - 15% - 7:44
4 - 12% - 10% - 5:15
PP Forward
1 - 48% - 50% - 4:48
2 - 52% - 50% - 5:07
PP Defense
1 - 50% - 50% - 5:00
2 - 50% - 50% - 4:55
PK Forward
1 - 71% - 60% - 2:48
2 - 29% - 40% - 1:10
PK Defense
1 - 63% - 50% - 2:30
2 - 37% - 50% - 1:28
PK3 Forward
1 - 0% - 60%
2 - 0% - 40%
PK3 Defense
1 - 0% - 50%
2 - 0% - 50%
44 Forward
1 - 77% - 60% - 1:32
2 - 23% - 40% - 0:27
44 Defense
1 - 49% - 50% - 0:58
2 - 51% - 50% - 1:01
Last Minute Offensive  - 0:00
Last Minute Defensive  - 0:00
Total
Forward - 60:00
Defense - 60:00

Play-by-Play

1st period


0:01 of 1st period - Auston Matthews wins face-off versus Patrice Bergeron in neutral zone.
0:01 of 1st period - Auston Matthews is hit by Jeff Carter.
0:12 of 1st period - Minor Penalty to Alexander Edler for Hooking.
0:13 of 1st period - Pierre-Edouard Bellemare wins face-off versus David Krejci in Lightning zone.
0:43 of 1st period - Nate Schmidt is hit by Luca Sbisa and loses puck.
1:39 of 1st period - Shot by Jakob Silfverberg.
1:39 of 1st period - Shot Misses the Net.
1:57 of 1st period - Shot by David Krejci.
1:57 of 1st period - Stopped by Elvis Merzlikins without a rebound.
1:58 of 1st period - Travis Zajac wins face-off versus Patrick Kane in Lightning zone.
2:10 of 1st period - Icing by Nate Schmidt.
2:11 of 1st period - Travis Zajac wins face-off versus David Krejci in Canadiens zone.
2:18 of 1st period - Shot by Joonas Donskoi.
2:18 of 1st period - Deflect By Patrice Bergeron.
2:18 of 1st period - Stopped by Tuukka Rask without a rebound.
2:19 of 1st period - Valeri Nichushkin wins face-off versus Patrice Bergeron in Canadiens zone.
2:19 of 1st period - Danny DeKeyser is hit by Patrice Bergeron and loses puck.
2:37 of 1st period - Colin White is hit by Patrice Bergeron and loses puck.
3:42 of 1st period - Shot by Zack Kassian.
3:42 of 1st period - Shot Misses the Net.
4:31 of 1st period - Shot by Pierre-Edouard Bellemare.
4:31 of 1st period - Stopped by Tuukka Rask without a rebound.
4:32 of 1st period - Auston Matthews wins face-off versus Frederik Gauthier in Canadiens zone.
4:40 of 1st period - Off-side.
4:41 of 1st period - Auston Matthews wins face-off versus Patrice Bergeron in neutral zone.
4:45 of 1st period - Josh Morrissey is hit by Erik Gudbranson and loses puck.
4:49 of 1st period - Minor Penalty to Erik Gudbranson for Hooking.
4:50 of 1st period - Pierre-Edouard Bellemare wins face-off versus Auston Matthews in Lightning zone.
4:58 of 1st period - Icing by Jakob Silfverberg.
4:59 of 1st period - Pierre-Edouard Bellemare wins face-off versus Auston Matthews in Canadiens zone.
5:08 of 1st period - Shot by Bo Horvat.
5:08 of 1st period - Stopped by Tuukka Rask without a rebound.
5:09 of 1st period - Pierre-Edouard Bellemare wins face-off versus Auston Matthews in Canadiens zone.
5:34 of 1st period - Shot by Ivan Provorov.
5:34 of 1st period - Stopped by Elvis Merzlikins with a rebound.
5:36 of 1st period - Shot by Teuvo Teravainen.
5:36 of 1st period - Stopped by Elvis Merzlikins without a rebound.
5:37 of 1st period - Pierre-Edouard Bellemare wins face-off versus David Krejci in Lightning zone.
5:45 of 1st period - Off-side.
5:46 of 1st period - Pierre-Edouard Bellemare wins face-off versus David Krejci in neutral zone.
6:55 of 1st period - Shot by Loui Eriksson.
6:55 of 1st period - Stopped by Elvis Merzlikins with a rebound.
7:25 of 1st period - Icing by Karl Alzner.
7:26 of 1st period - Nick Shore wins face-off versus Bo Horvat in Canadiens zone.
7:49 of 1st period - Icing by Josh Morrissey.
7:50 of 1st period - Pierre-Edouard Bellemare wins face-off versus Auston Matthews in Canadiens zone.
8:07 of 1st period - Shot by Jakob Silfverberg.
8:07 of 1st period - Goal by Jakob Silfverberg - Lightning : 0 - Canadiens : 1.
8:08 of 1st period - David Krejci wins face-off versus Patrice Bergeron in neutral zone.
8:31 of 1st period - Ilya Kovalchuk is hit by Logan Couture and loses puck.
8:42 of 1st period - Icing by Logan Couture.
8:43 of 1st period - Patrice Bergeron wins face-off versus Auston Matthews in Lightning zone.
9:15 of 1st period - Icing by Ivan Provorov.
9:16 of 1st period - Travis Zajac wins face-off versus Auston Matthews in Canadiens zone.
9:24 of 1st period - Icing by Josh Morrissey.
9:25 of 1st period - Auston Matthews wins face-off versus Bo Horvat in Canadiens zone.
10:41 of 1st period - Shot by Jeff Carter.
10:41 of 1st period - Shot Blocked by David Krejci.
11:21 of 1st period - Shot by Pierre-Edouard Bellemare.
11:21 of 1st period - Stopped by Tuukka Rask without a rebound.
11:22 of 1st period - Colin White wins face-off versus Frederik Gauthier in Canadiens zone.
11:36 of 1st period - Off-side.
11:37 of 1st period - Bo Horvat wins face-off versus Auston Matthews in neutral zone.
11:50 of 1st period - Shot by Teuvo Teravainen.
11:50 of 1st period - Shot Hit the Post.
11:52 of 1st period - Shot by Auston Matthews.
11:52 of 1st period - Stopped by Elvis Merzlikins without a rebound.
11:53 of 1st period - Travis Zajac wins face-off versus Colin White in Lightning zone.
12:06 of 1st period - Shot by Travis Zajac.
12:06 of 1st period - Shot Misses the Net.
12:26 of 1st period - Shot by Kevin Shattenkirk.
12:26 of 1st period - Deflect By Jeff Skinner.
12:26 of 1st period - Stopped by Tuukka Rask with a rebound.
14:11 of 1st period - Off-side.
14:12 of 1st period - Nick Shore wins face-off versus Travis Zajac in neutral zone.
14:26 of 1st period - Icing by Alexander Edler.
14:27 of 1st period - Travis Zajac wins face-off versus Colin White in Lightning zone.
14:44 of 1st period - Shot by Travis Zajac.
14:44 of 1st period - Shot Blocked by Josh Morrissey.
14:48 of 1st period - Shot by Pierre-Edouard Bellemare.
14:48 of 1st period - Deflect By Travis Zajac.
14:48 of 1st period - Shot Misses the Net.
14:50 of 1st period - Shot by Alexander Edler.
14:50 of 1st period - Shot Blocked by Ivan Provorov.
14:52 of 1st period - Shot by Travis Zajac.
14:52 of 1st period - Deflect By Jeff Skinner.
14:52 of 1st period - Stopped by Tuukka Rask without a rebound.
14:53 of 1st period - Bo Horvat wins face-off versus Auston Matthews in Canadiens zone.
14:56 of 1st period - Shot by Zack Kassian.
14:56 of 1st period - Goal by Zack Kassian - Lightning : 1 - Canadiens : 1.
14:57 of 1st period - Bo Horvat wins face-off versus Auston Matthews in neutral zone.
15:02 of 1st period - Shot by Alex Killorn.
15:02 of 1st period - Stopped by Tuukka Rask with a rebound.
15:10 of 1st period - Shot by Jakob Silfverberg.
15:10 of 1st period - Shot Blocked by Jason Demers.
15:13 of 1st period - Jakob Silfverberg is hit by Erik Gudbranson and loses puck.
15:34 of 1st period - Teuvo Teravainen is hit by Erik Gudbranson and loses puck.
16:49 of 1st period - Shot by Patrice Bergeron.
16:49 of 1st period - Shot Blocked by Danny DeKeyser.
16:51 of 1st period - Shot by Jeff Carter.
16:51 of 1st period - Goal by Jeff Carter - Lightning : 2 - Canadiens : 1.
16:52 of 1st period - Nick Shore wins face-off versus Jeff Skinner in neutral zone.
17:59 of 1st period - Shot by Auston Matthews.
17:59 of 1st period - Stopped by Elvis Merzlikins without a rebound.
18:00 of 1st period - Patrice Bergeron wins face-off versus Colin White in Lightning zone.
18:00 of 1st period - Patrice Bergeron is hit by Colin White.
18:06 of 1st period - Ivan Provorov is hit by Jeff Carter and loses puck.
18:19 of 1st period - Shot by Valeri Nichushkin.
18:19 of 1st period - Stopped by Elvis Merzlikins without a rebound.
18:20 of 1st period - Frederik Gauthier wins face-off versus David Krejci in Lightning zone.
18:20 of 1st period - Frederik Gauthier is hit by David Krejci.
18:28 of 1st period - Shot by Patrice Bergeron.
18:28 of 1st period - Shot Misses the Net.
18:52 of 1st period - Shot by Ilya Kovalchuk.
18:52 of 1st period - Stopped by Elvis Merzlikins without a rebound.
18:53 of 1st period - Auston Matthews wins face-off versus Bo Horvat in Lightning zone.
18:53 of 1st period - Auston Matthews is hit by Jason Demers.
19:06 of 1st period - Auston Matthews is hit by Erik Gudbranson and loses puck.
19:10 of 1st period - Icing by Erik Gudbranson.
19:11 of 1st period - Bo Horvat wins face-off versus Colin White in Lightning zone.
19:48 of 1st period - Shot by Artturi Lehkonen.
19:48 of 1st period - Shot Misses the Net.
Goals for this period are 2 for Lightning vs 1 for Canadiens.
Shots for this period are 9 for Lightning vs 9 for Canadiens.

2nd period


0:01 of 2nd period - Patrice Bergeron wins face-off versus Auston Matthews in neutral zone.
0:38 of 2nd period - Shot by Patrice Bergeron.
0:38 of 2nd period - Shot Misses the Net.
0:43 of 2nd period - Off-side.
0:44 of 2nd period - Bo Horvat wins face-off versus David Krejci in neutral zone.
1:00 of 2nd period - Off-side.
1:01 of 2nd period - Nick Shore wins face-off versus Travis Zajac in neutral zone.
1:31 of 2nd period - Icing by Danny DeKeyser.
1:32 of 2nd period - Nick Shore wins face-off versus Patrice Bergeron in Canadiens zone.
1:45 of 2nd period - Alexander Edler is hit by Tyson Jost and loses puck.
2:14 of 2nd period - Minor Penalty to Alexander Edler for Hooking.
2:15 of 2nd period - Auston Matthews wins face-off versus Pierre-Edouard Bellemare in Lightning zone.
2:20 of 2nd period - Shot by Jakob Silfverberg.
2:20 of 2nd period - Stopped by Elvis Merzlikins without a rebound.
2:21 of 2nd period - Auston Matthews wins face-off versus Pierre-Edouard Bellemare in Lightning zone.
2:22 of 2nd period - Shot by Cam Fowler.
2:22 of 2nd period - Deflect By Jakob Silfverberg.
2:22 of 2nd period - Shot Misses the Net.
2:24 of 2nd period - Shot by Cam Fowler.
2:24 of 2nd period - Shot Misses the Net.
2:26 of 2nd period - Shot by Nate Schmidt.
2:26 of 2nd period - Stopped by Elvis Merzlikins without a rebound.
2:27 of 2nd period - Pierre-Edouard Bellemare wins face-off versus David Krejci in Lightning zone.
3:01 of 2nd period - Shot by Patrick Kane.
3:01 of 2nd period - Shot Blocked by Kevin Shattenkirk.
3:22 of 2nd period - Icing by Auston Matthews.
3:23 of 2nd period - Auston Matthews wins face-off versus Travis Zajac in Canadiens zone.
3:48 of 2nd period - Shot by Cam Fowler.
3:48 of 2nd period - Shot Misses the Net.
3:50 of 2nd period - Shot by Nate Schmidt.
3:50 of 2nd period - Stopped by Elvis Merzlikins without a rebound.
3:51 of 2nd period - Pierre-Edouard Bellemare wins face-off versus David Krejci in Lightning zone.
4:06 of 2nd period - Shot by Ivan Provorov.
4:06 of 2nd period - Stopped by Elvis Merzlikins without a rebound.
4:07 of 2nd period - Auston Matthews wins face-off versus Pierre-Edouard Bellemare in Lightning zone.
4:08 of 2nd period - Shot by Cam Fowler.
4:08 of 2nd period - Shot Blocked by Luca Sbisa.
4:20 of 2nd period - Shot by Valeri Nichushkin.
4:20 of 2nd period - Stopped by Elvis Merzlikins without a rebound.
4:21 of 2nd period - Auston Matthews wins face-off versus Patrice Bergeron in Lightning zone.
5:17 of 2nd period - Shot by Alex Killorn.
5:17 of 2nd period - Shot Blocked by Cam Fowler.
5:19 of 2nd period - Shot by Alex Killorn.
5:19 of 2nd period - Stopped by Tuukka Rask without a rebound.
5:20 of 2nd period - Travis Zajac wins face-off versus David Krejci in Canadiens zone.
5:23 of 2nd period - Shot by Jeff Skinner.
5:23 of 2nd period - Shot Misses the Net.
5:49 of 2nd period - Icing by Ivan Provorov.
5:50 of 2nd period - Bo Horvat wins face-off versus David Krejci in Canadiens zone.
5:54 of 2nd period - Icing by Ivan Provorov.
5:55 of 2nd period - David Krejci wins face-off versus Patrice Bergeron in Canadiens zone.
5:57 of 2nd period - Icing by Ilya Kovalchuk.
5:58 of 2nd period - Patrice Bergeron wins face-off versus David Krejci in Canadiens zone.
6:09 of 2nd period - Shot by Patrice Bergeron.
6:09 of 2nd period - Shot Blocked by Josh Morrissey.
6:11 of 2nd period - Shot by Logan Couture.
6:11 of 2nd period - Stopped by Tuukka Rask without a rebound.
6:12 of 2nd period - Bo Horvat wins face-off versus Auston Matthews in Canadiens zone.
6:12 of 2nd period - Bo Horvat is hit by Nate Schmidt.
6:22 of 2nd period - Shot by Erik Gudbranson.
6:22 of 2nd period - Stopped by Tuukka Rask with a rebound.
6:24 of 2nd period - Shot by Alex Killorn.
6:24 of 2nd period - Shot Misses the Net.
6:28 of 2nd period - Shot by Alex Killorn.
6:28 of 2nd period - Goal by Alex Killorn - Lightning : 3 - Canadiens : 1.
6:29 of 2nd period - Patrice Bergeron wins face-off versus Colin White in neutral zone.
6:44 of 2nd period - Shot by Logan Couture.
6:44 of 2nd period - Stopped by Tuukka Rask without a rebound.
6:45 of 2nd period - Bo Horvat wins face-off versus David Krejci in Canadiens zone.
6:52 of 2nd period - Shot by Bo Horvat.
6:52 of 2nd period - Shot Misses the Net.
6:59 of 2nd period - Minor Penalty to Erik Gudbranson for Tripping.
7:00 of 2nd period - Pierre-Edouard Bellemare wins face-off versus Auston Matthews in Lightning zone.
8:12 of 2nd period - Shot by Travis Zajac.
8:12 of 2nd period - Shot Misses the Net.
8:30 of 2nd period - Pierre-Edouard Bellemare is hit by Ilya Kovalchuk and loses puck.
8:37 of 2nd period - Shot by David Krejci.
8:37 of 2nd period - Shot Misses the Net.
8:53 of 2nd period - Shot by Auston Matthews.
8:53 of 2nd period - Stopped by Elvis Merzlikins without a rebound.
8:54 of 2nd period - Travis Zajac wins face-off versus David Krejci in Lightning zone.
9:19 of 2nd period - Shot by Patrice Bergeron.
9:19 of 2nd period - Shot Misses the Net.
9:25 of 2nd period - Shot by Joonas Donskoi.
9:25 of 2nd period - Stopped by Tuukka Rask without a rebound.
9:26 of 2nd period - Nick Shore wins face-off versus Patrice Bergeron in Canadiens zone.
9:28 of 2nd period - Icing by Loui Eriksson.
9:29 of 2nd period - Jeff Carter wins face-off versus Nick Shore in Canadiens zone.
9:30 of 2nd period - Shot by Logan Couture.
9:30 of 2nd period - Stopped by Tuukka Rask without a rebound.
9:31 of 2nd period - Patrice Bergeron wins face-off versus Auston Matthews in Canadiens zone.
9:32 of 2nd period - Shot by Jeff Carter.
9:32 of 2nd period - Shot Blocked by Ivan Provorov.
9:34 of 2nd period - Shot by Patrice Bergeron.
9:34 of 2nd period - Shot Misses the Net.
10:31 of 2nd period - Icing by Alexander Edler.
10:32 of 2nd period - Zack Kassian wins face-off versus David Krejci in Lightning zone.
10:36 of 2nd period - Bo Horvat is hit by Cam Fowler and loses puck.
10:41 of 2nd period - Shot by Bo Horvat.
10:41 of 2nd period - Shot Misses the Net.
11:19 of 2nd period - Shot by Travis Zajac.
11:19 of 2nd period - Shot Misses the Net.
11:23 of 2nd period - Shot by Pierre-Edouard Bellemare.
11:23 of 2nd period - Deflect By Jeff Skinner.
11:23 of 2nd period - Shot Misses the Net.
11:55 of 2nd period - Shot by Valeri Nichushkin.
11:55 of 2nd period - Shot Blocked by Zach Bogosian.
12:58 of 2nd period - Icing by Ivan Provorov.
12:59 of 2nd period - Bo Horvat wins face-off versus Auston Matthews in Canadiens zone.
13:10 of 2nd period - Shot by Alex Killorn.
13:10 of 2nd period - Shot Misses the Net.
13:22 of 2nd period - Shot by Alex Killorn.
13:22 of 2nd period - Shot Blocked by Josh Morrissey.
13:57 of 2nd period - Minor Penalty to Ivan Provorov for Hooking.
13:58 of 2nd period - Nick Shore wins face-off versus Patrice Bergeron in Canadiens zone.
14:29 of 2nd period - Shot by Patrice Bergeron.
14:29 of 2nd period - Stopped by Tuukka Rask without a rebound.
14:30 of 2nd period - Bo Horvat wins face-off versus Nick Shore in Canadiens zone.
14:51 of 2nd period - Shot by Bo Horvat.
14:51 of 2nd period - Shot Blocked by Cam Fowler.
14:53 of 2nd period - Shot by Alexander Edler.
14:53 of 2nd period - Shot Misses the Net.
16:18 of 2nd period - Shot by Travis Zajac.
16:18 of 2nd period - Shot Misses the Net.
16:20 of 2nd period - Shot by Jeff Skinner.
16:20 of 2nd period - Goal by Jeff Skinner - Lightning : 4 - Canadiens : 1.
16:20 of 2nd period - Mackenzie Blackwood enters game.
16:21 of 2nd period - Frederik Gauthier wins face-off versus Artturi Lehkonen in neutral zone.
17:21 of 2nd period - Shot by Bo Horvat.
17:21 of 2nd period - Shot Misses the Net.
18:02 of 2nd period - Icing by Karl Alzner.
18:03 of 2nd period - David Krejci wins face-off versus Patrice Bergeron in Canadiens zone.
18:26 of 2nd period - Shot by Jakob Silfverberg.
18:26 of 2nd period - Shot Misses the Net.
18:28 of 2nd period - Shot by Nate Schmidt.
18:28 of 2nd period - Shot Misses the Net.
18:30 of 2nd period - Shot by Jakob Silfverberg.
18:30 of 2nd period - Deflect By Auston Matthews.
18:30 of 2nd period - Stopped by Elvis Merzlikins without a rebound.
18:31 of 2nd period - Travis Zajac wins face-off versus Nick Shore in Lightning zone.
18:51 of 2nd period - Loui Eriksson is hit by Erik Gudbranson.
19:06 of 2nd period - Icing by Erik Gudbranson.
19:07 of 2nd period - Travis Zajac wins face-off versus Auston Matthews in Lightning zone.
19:14 of 2nd period - Shot by Auston Matthews.
19:14 of 2nd period - Shot Blocked by Erik Gudbranson.
19:24 of 2nd period - Shot by Jakob Silfverberg.
19:24 of 2nd period - Deflect By Auston Matthews.
19:24 of 2nd period - Stopped by Elvis Merzlikins without a rebound.
19:25 of 2nd period - Bo Horvat wins face-off versus David Krejci in Lightning zone.
19:41 of 2nd period - Minor Penalty to Danny DeKeyser for Hooking.
19:41 of 2nd period - Minor Penalty to Zack Kassian for Slashing.
19:42 of 2nd period - Patrice Bergeron wins face-off versus Auston Matthews in Canadiens zone.
Goals for this period are 2 for Lightning vs 0 for Canadiens.
Shots for this period are 9 for Lightning vs 8 for Canadiens.

3rd period


0:01 of 3rd period - Patrice Bergeron wins face-off versus Auston Matthews in neutral zone.
0:14 of 3rd period - Shot by Patrice Bergeron.
0:14 of 3rd period - Shot Blocked by Ivan Provorov.
0:27 of 3rd period - Off-side.
0:28 of 3rd period - Auston Matthews wins face-off versus Patrice Bergeron in neutral zone.
0:39 of 3rd period - Shot by Auston Matthews.
0:39 of 3rd period - Deflect By Teuvo Teravainen.
0:39 of 3rd period - Shot Misses the Net.
0:41 of 3rd period - Shot by Teuvo Teravainen.
0:41 of 3rd period - Shot Blocked by Jason Demers.
0:43 of 3rd period - Shot by Nate Schmidt.
0:43 of 3rd period - Stopped by Elvis Merzlikins without a rebound.
0:44 of 3rd period - Auston Matthews wins face-off versus Patrice Bergeron in Lightning zone.
0:57 of 3rd period - Shot by Auston Matthews.
0:57 of 3rd period - Stopped by Elvis Merzlikins with a rebound.
1:07 of 3rd period - Shot by Teuvo Teravainen.
1:07 of 3rd period - Shot Blocked by Alexander Edler.
1:13 of 3rd period - Shot by Auston Matthews.
1:13 of 3rd period - Stopped by Elvis Merzlikins without a rebound.
1:14 of 3rd period - Jeff Carter wins face-off versus David Krejci in Lightning zone.
1:23 of 3rd period - Shot by Jason Demers.
1:23 of 3rd period - Stopped by Mackenzie Blackwood with a rebound.
1:45 of 3rd period - Shot by Patrick Kane.
1:45 of 3rd period - Stopped by Elvis Merzlikins with a rebound.
1:59 of 3rd period - Colin White is hit by Pierre-Edouard Bellemare and loses puck.
2:12 of 3rd period - Shot by Pierre-Edouard Bellemare.
2:12 of 3rd period - Stopped by Mackenzie Blackwood without a rebound.
2:13 of 3rd period - Nick Shore wins face-off versus Bo Horvat in Canadiens zone.
2:37 of 3rd period - Shot by Ivan Provorov.
2:37 of 3rd period - Stopped by Elvis Merzlikins without a rebound.
2:38 of 3rd period - Patrice Bergeron wins face-off versus Auston Matthews in Lightning zone.
2:49 of 3rd period - Shot by Jeff Carter.
2:49 of 3rd period - Goal by Jeff Carter - Lightning : 5 - Canadiens : 1.
2:50 of 3rd period - David Krejci wins face-off versus Travis Zajac in neutral zone.
2:59 of 3rd period - Josh Morrissey is hit by Pierre-Edouard Bellemare and loses puck.
3:08 of 3rd period - Shot by Jeff Skinner.
3:08 of 3rd period - Stopped by Mackenzie Blackwood without a rebound.
3:09 of 3rd period - Patrice Bergeron wins face-off versus Auston Matthews in Canadiens zone.
3:10 of 3rd period - Shot by Jeff Carter.
3:10 of 3rd period - Goal by Jeff Carter - Lightning : 6 - Canadiens : 1.
3:11 of 3rd period - Patrice Bergeron wins face-off versus Auston Matthews in neutral zone.
3:13 of 3rd period - Logan Couture is hit by Nate Schmidt and loses puck.
3:29 of 3rd period - Shot by Patrice Bergeron.
3:29 of 3rd period - Stopped by Mackenzie Blackwood without a rebound.
3:30 of 3rd period - David Krejci wins face-off versus Bo Horvat in Canadiens zone.
4:03 of 3rd period - Shot by Patrick Kane.
4:03 of 3rd period - Deflect By Ilya Kovalchuk.
4:03 of 3rd period - Stopped by Elvis Merzlikins with a rebound.
4:10 of 3rd period - David Krejci is hit by Jason Demers and loses puck.
4:27 of 3rd period - Shot by Kevin Shattenkirk.
4:27 of 3rd period - Shot Blocked by Ivan Provorov.
4:50 of 3rd period - Shot by Patrice Bergeron.
4:50 of 3rd period - Shot Misses the Net.
5:44 of 3rd period - Shot by Jeff Skinner.
5:44 of 3rd period - Shot Misses the Net.
6:08 of 3rd period - Shot by Joonas Donskoi.
6:08 of 3rd period - Shot Misses the Net.
6:10 of 3rd period - Shot by Erik Gudbranson.
6:10 of 3rd period - Stopped by Mackenzie Blackwood with a rebound.
6:12 of 3rd period - Shot by Erik Gudbranson.
6:12 of 3rd period - Shot Blocked by Karl Alzner.
6:14 of 3rd period - Shot by Frederik Gauthier.
6:14 of 3rd period - Shot Misses the Net.
6:16 of 3rd period - Shot by Erik Gudbranson.
6:16 of 3rd period - Stopped by Mackenzie Blackwood without a rebound.
6:17 of 3rd period - Bo Horvat wins face-off versus Nick Shore in Canadiens zone.
6:37 of 3rd period - Shot by Bo Horvat.
6:37 of 3rd period - Deflect By Alex Killorn.
6:37 of 3rd period - Shot Misses the Net.
7:59 of 3rd period - Shot by Patrick Kane.
7:59 of 3rd period - Shot Misses the Net.
9:58 of 3rd period - Jeff Skinner is hit by Cam Fowler and loses puck.
10:07 of 3rd period - Shot by Pierre-Edouard Bellemare.
10:07 of 3rd period - Deflect By Jeff Skinner.
10:07 of 3rd period - Shot Misses the Net.
10:09 of 3rd period - Shot by Pierre-Edouard Bellemare.
10:09 of 3rd period - Shot Misses the Net.
10:46 of 3rd period - Teuvo Teravainen is hit by Jason Demers and loses puck.
10:52 of 3rd period - Teuvo Teravainen is hit by Erik Gudbranson and loses puck.
10:57 of 3rd period - Shot by Auston Matthews.
10:57 of 3rd period - Shot Misses the Net.
10:59 of 3rd period - Shot by Auston Matthews.
10:59 of 3rd period - Shot Misses the Net.
11:03 of 3rd period - Shot by Teuvo Teravainen.
11:03 of 3rd period - Goal by Teuvo Teravainen - Lightning : 6 - Canadiens : 2.
11:04 of 3rd period - Travis Zajac wins face-off versus David Krejci in neutral zone.
11:36 of 3rd period - Icing by Ivan Provorov.
11:37 of 3rd period - David Krejci wins face-off versus Patrice Bergeron in Canadiens zone.
11:37 of 3rd period - David Krejci is hit by Jeff Carter.
11:40 of 3rd period - Patrick Kane is hit by Jeff Carter and loses puck.
12:22 of 3rd period - Teuvo Teravainen is hit by Erik Gudbranson.
12:23 of 3rd period - Minor Penalty to Jakob Silfverberg for Cross-checking.
12:24 of 3rd period - Bo Horvat wins face-off versus Nick Shore in Canadiens zone.
12:25 of 3rd period - Shot by Alexander Edler.
12:25 of 3rd period - Stopped by Mackenzie Blackwood without a rebound.
12:26 of 3rd period - Bo Horvat wins face-off versus Nick Shore in Canadiens zone.
12:51 of 3rd period - Shot by Kevin Shattenkirk.
12:51 of 3rd period - Shot Blocked by Cam Fowler.
12:53 of 3rd period - Shot by Bo Horvat.
12:53 of 3rd period - Stopped by Mackenzie Blackwood with a rebound.
12:55 of 3rd period - Shot by Alexander Edler.
12:55 of 3rd period - Shot Misses the Net.
13:16 of 3rd period - Shot by Travis Zajac.
13:16 of 3rd period - Stopped by Mackenzie Blackwood without a rebound.
13:17 of 3rd period - Artturi Lehkonen wins face-off versus Patrice Bergeron in Canadiens zone.
13:34 of 3rd period - Shot by Jason Demers.
13:34 of 3rd period - Stopped by Mackenzie Blackwood without a rebound.
13:35 of 3rd period - Nick Shore wins face-off versus Bo Horvat in Canadiens zone.
14:33 of 3rd period - Minor Penalty to Pierre-Edouard Bellemare for Hooking.
14:34 of 3rd period - David Krejci wins face-off versus Jeff Skinner in Lightning zone.
15:59 of 3rd period - Patrice Bergeron is hit by Auston Matthews and loses puck.
16:35 of 3rd period - Patrick Kane is hit by Zach Bogosian and loses puck.
16:44 of 3rd period - Shot by Jeff Skinner.
16:44 of 3rd period - Shot Misses the Net.
16:46 of 3rd period - Shot by Travis Zajac.
16:46 of 3rd period - Shot Blocked by Danny DeKeyser.
16:48 of 3rd period - Shot by Travis Zajac.
16:48 of 3rd period - Shot Hit the Post.
17:00 of 3rd period - Shot by Artturi Lehkonen.
17:00 of 3rd period - Shot Misses the Net.
18:15 of 3rd period - Off-side.
18:16 of 3rd period - David Krejci wins face-off versus Bo Horvat in neutral zone.
19:09 of 3rd period - Shot by Auston Matthews.
19:09 of 3rd period - Shot Misses the Net.
19:11 of 3rd period - Shot by Nate Schmidt.
19:11 of 3rd period - Shot Misses the Net.
19:50 of 3rd period - Patrice Bergeron is hit by Cam Fowler and loses puck.
Goals for this period are 2 for Lightning vs 1 for Canadiens.
Shots for this period are 12 for Lightning vs 7 for Canadiens.